 Dungeon Crawl Stone Soup version 0.20.1-1-g8b1a95d (webtiles) character file.

22196 equalderp2856 the Severer (level 12, -2/108 HPs)
             Began as a Minotaur Fighter on Sept 6, 2017.
             Splashed by an acid dragon's acid (10 damage)
             ... on level 11 of the Dungeon.
             The game lasted 00:31:32 (16541 turns).

equalderp2856 the Severer (Minotaur Fighter)       Turns: 16541, Time: 00:31:33

Health: -2/108     AC:  1    Str: 22    XL:     12   Next: 60%
Magic:  11/11      EV:  3    Int:  7    God:
Gold:   617        SH:  7    Dex: 12    Spells: 11/11 levels left

rFire    . . .     SeeInvis .   a - +1 war axe
rCold    . . .     Gourm    .   c - +0 shield
rNeg     . . .     Faith    .   C - +2 plate armour {MR+}
rPois    .         Spirit   .   (helmet restricted)
rElec    .         Reflect  .   (no cloak)
rCorr    .         Harm     .   J - +0 pair of gloves
MR       +....                  (no boots)
Stlth    ..........             (no amulet)
Regen    0.3/turn               (no ring)
MPRegen  0.2/turn               (no ring)

@: about to teleport, corroded, extremely drained
A: retaliatory headbutt, horns 2
a: no special abilities


You were on level 11 of the Dungeon.
You were hungry.

You visited 1 branch of the dungeon, and saw 11 of its levels.
You also visited: Sewer.

You collected 617 gold pieces.

Inventory:

Hand Weapons
 a - a +1 war axe (weapon)
 l - a +0 spear of freezing
 y - a cursed -1 hand crossbow
 D - a cursed +4 trident of freezing
Missiles
 x - 81 bolts
Armour
 b - a +0 scale mail
 c - a +0 shield (worn)
 v - a +3 leather armour
 C - a +2 plate armour of magic resistance (worn)
 J - a +0 pair of gloves (worn)
Jewellery
 A - a +4 ring of evasion {unknown}
 G - an uncursed ring of see invisible {unknown}
 S - an uncursed ring of flight {unknown}
Wands
 g - a wand of acid (3/15)
 r - a wand of confusion (6/48)
 t - a wand of disintegration (5/24)
 B - a wand of polymorph (16/24)
 F - a wand of random effects (41/48)
 H - a wand of random effects (30/48)
 I - a wand of digging (10/24)
 Q - a wand of polymorph (4/24)
 R - a wand of flame (25/48)
 U - a wand of polymorph (7/24)
Scrolls
 e - 2 scrolls of amnesia
 h - 3 scrolls of teleportation
 i - a scroll of fog
 j - 12 scrolls of identify
 k - 2 scrolls of magic mapping {unknown}
 p - 8 scrolls of remove curse
 N - 2 scrolls of enchant weapon
 V - 2 scrolls of enchant armour
Potions
 d - 5 potions of might
 m - 2 potions of curing
 o - 4 potions of flight
 q - 2 potions of ambrosia {unknown}
 u - 4 potions of invisibility {unknown}
 w - 2 potions of berserk rage {unknown}
 z - a potion of degeneration {unknown}
 L - a potion of lignification {unknown}
 M - 3 potions of brilliance {unknown}
 O - a potion of magic {unknown}
 P - a potion of cancellation {unknown}
 T - a potion of haste {unknown}
Books
 X - a book of Transfigurations

   Spells                             Type                      Level
   a - Irradiate                      Conjuration/Transmutation    5
   b - Statue Form                    Transmutation/Earth          6
   c - Hydra Form                     Transmutation                6
   d - Dragon Form                    Transmutation                7
Comestibles
 f - 11 bread rations
 s - 15 royal jellies
 E - 6 meat rations
 K - 3 fruits


   Skills:
 + Level 10.8(0.0) Fighting
 + Level 15.7(0.0) Axes
 + Level 11.2(0.0) Armour
 + Level 3.2(0.0) Dodging
 + Level 1.9(0.0) Stealth
 + Level 11.9(0.0) Shields
 + Level 1.1(0.0) Evocations


You had 11 spell levels left.
You didn't know any spells.

Dungeon Overview and Level Annotations

Branches:
Dungeon (11/15)            Temple (0/1) D:4            Lair (0/6) D:11
    Orc (0/2) D:9

Altars:
Dithmenos
Elyvilon
Hepliaklqana
Okawaru
Qazlal
Sif Muna
Trog
Vehumet
Beogh


Innate Abilities, Weirdness & Mutations

You reflexively headbutt those who attack you in melee.
You have a pair of horns on your head.


Message History

* * * LOW HITPOINT WARNING * * *
The acid dragon barely misses you.
Unknown command.
You hit the acid dragon.
The acid dragon is heavily wounded.
The acid dragon bites you.
* * * LOW HITPOINT WARNING * * *
The acid dragon claws you.
* * * LOW HITPOINT WARNING * * *
The acid dragon bites you.
* * * LOW HITPOINT WARNING * * *
The acid dragon claws you.
* * * LOW HITPOINT WARNING * * *
As you read the scroll of teleportation, it crumbles to dust.
You feel strangely unstable. The acid dragon spits acid at you.
The splash of acid hits you!
* * * LOW HITPOINT WARNING * * *
The acid corrodes you!
You are splashed with acid!
The acid burns!
You die...

#.......# ##'######### #.......#
#..# # ###.##### ##.## # ####..##
#..######## # #......#
######..#P.P..#### ###
#......###.........PP..P... .[#
#......#...###........PP.P. ..#
#......#.#.#.#............. ..#
###......#.#@#.#.....P...P... ..#
#.'......'.#.D......P.PP..P..
..###.#......#####..♣...♣♣...P...
..'...##'##### #.....P..>.....♣
>.######.# #...P.P......... .##
#.# ##.....P.PP...♣. .# #(#
#......P.P..... .# #.##
#.P....P.P...P.
########.(##########....♣.P......


You could see an acid dragon.

Vanquished Creatures
  6 two-headed ogres
  The ghost of bgiannan the Grappler, a novice TrMo of Okawaru (D:8)
  Sonja (D:11)
  An unseen horror (D:11)
  Pikel (D:6)
  2 ugly things
  A manticore (D:11)
  A gargoyle (D:11)
  4 trolls
  A queen bee (D:10)
  Grinder (D:6)
  Prince Ribbit (D:5)
  A hippogriff (D:7)
  A wyvern (D:9)
  A spriggan (D:10)
  A basilisk (D:11)
  18 yaks (D:11)
  Menkaure (D:5)
  A hungry ghost (D:9)
  Duvessa (D:7)
  13 orc warriors
  3 porcupines (D:11)
  2 sky beasts
  A phantom (D:7)
  An ice beast (D:7)
  4 black bears
  An eye of draining (D:9)
  10 ogres
  The ghost of equalderp2856 the Shield-Bearer, an amateur HuFi (D:7)
  3 crocodiles (D:11)
  5 big kobolds
  Blork the orc (D:5)
  3 gnoll sergeants
  12 bullfrogs
  Dowan (D:7)
  A water moccasin skeleton (D:10)
  2 scorpions
  35 killer bees
  16 wights
  2 howler monkeys (D:11)
  2 crimson imps
  A centaur zombie (D:9)
  2 quasits
  3 bullfrog zombies
  4 hounds
  11 orc wizards
  2 bullfrog skeletons
  9 orc priests
  6 jellies
  4 centaur skeletons
  4 iguanas
  Ijyb (D:5)
  18 worker ants
  2 hound skeletons
  A howler monkey zombie (D:6)
  11 adders
  11 gnolls
  4 river rats
  5 shadow imps
  An adder zombie (D:9)
  2 oozes
  An adder skeleton (D:4)
  A worm (D:5)
  4 dart slugs
  5 leopard geckos
  85 orcs
  6 bats
  9 giant cockroaches
  4 goblins
  6 hobgoblins
  6 jackals
  9 kobolds
  A quokka (D:3)
  6 frilled lizards
  A giant cockroach zombie (D:5)
  A leopard gecko zombie (D:8)
  A quokka skeleton (D:6)
  A quokka zombie (D:6)
  10 rats
424 creatures vanquished.

Vanquished Creatures (others)
  4 slaves (D:6)
  A bullfrog zombie (D:6)
  An orc priest (D:4)
  A gnoll (D:6)
  A shadow imp (D:6)
  7 orcs
  2 plants (D:11)
17 creatures vanquished.

Grand Total: 441 creatures vanquished

Notes
Turn   | Place    | Note
-------+----------+-------------------------------------------
     0 | D:1      | equalderp2856 the Minotaur Fighter began the quest for the Orb.
     0 | D:1      | Reached XP level 1. HP: 19/19 MP: 0/0
    42 | D:1      | Reached XP level 2. HP: 27/27 MP: 1/1
   427 | D:1      | Reached XP level 3. HP: 33/33 MP: 2/2
   603 | D:2      | Reached skill level 3 in Axes
  1000 | D:2      | Reached XP level 4. HP: 38/40 MP: 3/3
  1386 | D:3      | Reached skill level 4 in Axes
  1581 | D:3      | Reached XP level 5. HP: 35/46 MP: 4/4
  1661 | D:3      | Found a radiant altar of Vehumet.
  1673 | D:3      | Found a white marble altar of Elyvilon.
  1674 | D:3      | Found a bloodstained altar of Trog.
  1719 | D:3      | Found an iron altar of Okawaru.
  2168 | D:3      | Reached skill level 5 in Axes
  2204 | D:3      | Reached XP level 6. HP: 25/53 MP: 5/5
  2358 | D:4      | Found a hazy altar of Hepliaklqana.
  2362 | D:4      | Reached skill level 1 in Dodging
  2363 | D:4      | Reached skill level 5 in Armour
  2363 | D:4      | Reached skill level 5 in Shields
  2569 | D:4      | Reached skill level 6 in Axes
  2697 | D:4      | Reached XP level 7. HP: 36/60 MP: 6/6
  3177 | D:4      | Found a staircase to the Ecumenical Temple.
  3265 | D:5      | Entered Level 5 of the Dungeon
  3266 | D:5      | Noticed Ijyb
  3267 | D:5      | Noticed Prince Ribbit
  3284 | D:5      | Killed Ijyb
  3296 | D:5      | Killed Prince Ribbit
  3296 | D:5      | Reached skill level 7 in Axes
  3414 | D:5      | Noticed Menkaure
  3426 | D:5      | Killed Menkaure
  3426 | D:5      | Reached skill level 5 in Fighting
  3499 | D:5      | Reached skill level 1 in Stealth
  3519 | D:5      | Noticed Blork the orc
  3771 | D:5      | Found a glowing drain.
  3798 | Sewer    | Entered a sewer
  3812 | Sewer    | Reached XP level 8. HP: 68/68 MP: 7/7
  3879 | Sewer    | Found a white marble altar of Elyvilon.
  4231 | D:5      | Reached skill level 8 in Axes
  4294 | D:5      | Killed Blork the orc
  4302 | D:5      | Found a deep blue altar of Sif Muna.
  4789 | D:6      | Noticed Pikel
  4817 | D:6      | Killed Pikel
  4817 | D:6      | Reached skill level 9 in Axes
  4993 | D:6      | Noticed Grinder
  4996 | D:6      | Reached XP level 9. HP: 57/75 MP: 8/8
  5412 | D:5      | Reached skill level 10 in Axes
  5507 | D:6      | Paralysed by Grinder for 6 turns
  5514 | D:6      | Killed Grinder
  6201 | D:7      | Noticed equalderp2856's ghost (amateur HuFi)
  6208 | D:7      | Killed equalderp2856's ghost
  6250 | D:7      | Noticed Duvessa
  6257 | D:7      | Noticed Dowan
  6264 | D:7      | Killed Duvessa
  6275 | D:7      | Killed Dowan
  6367 | D:7      | Reached skill level 11 in Axes
  6540 | D:7      | Found a stormy altar of Qazlal.
  6749 | D:8      | Noticed a two-headed ogre
  6758 | D:8      | Killed a two-headed ogre
  6758 | D:8      | Reached XP level 10. HP: 53/86 MP: 9/9
  6945 | D:8      | Noticed a two-headed ogre
  6951 | D:8      | Noticed bgiannan's ghost (novice TrMo)
  7022 | D:7      | Killed a two-headed ogre
  7022 | D:7      | Reached skill level 12 in Axes
  7705 | D:8      | HP: 1/86 [bgiannan's ghost (20)]
  8610 | D:8      | Reached skill level 1 in Evocations
  8792 | D:8      | Found a roughly hewn altar of Beogh.
  8898 | D:8      | Killed bgiannan's ghost
  9008 | D:8      | Found a shadowy altar of Dithmenos.
  9105 | D:9      | Noticed a two-headed ogre
  9119 | D:9      | Killed a two-headed ogre
  9131 | D:9      | Reached skill level 13 in Axes
  9580 | D:9      | Found a staircase to the Orcish Mines.
  9604 | D:9      | Reached XP level 11. HP: 77/95 MP: 10/10
 10424 | D:10     | Entered Level 10 of the Dungeon
 10539 | D:10     | Reached skill level 10 in Shields
 10802 | D:10     | Noticed a two-headed ogre
 11399 | D:10     | Killed a two-headed ogre
 11399 | D:10     | Reached skill level 14 in Axes
 12259 | D:10     | Reached skill level 10 in Armour
 12984 | D:11     | Noticed a green ugly thing
 13000 | D:11     | Killed a green ugly thing
 13164 | D:11     | Noticed a two-headed ogre
 13176 | D:11     | Killed a two-headed ogre
 13500 | D:11     | Reached XP level 12. HP: 72/106 MP: 11/11
 13813 | D:11     | Found a staircase to the Lair.
 14110 | D:11     | Reached skill level 15 in Axes
 14375 | D:11     | Noticed a two-headed ogre
 14388 | D:11     | Reached skill level 10 in Fighting
 14401 | D:11     | Killed a two-headed ogre
 15379 | D:11     | Noticed Sonja
 15778 | D:10     | HP: 5/108 [purple ugly thing (9)]
 16358 | D:11     | Killed Sonja
 16541 | D:11     | Splashed by an acid dragon's acid

Skill      XL: |  1  2  3  4  5  6  7  8  9 10 11 12 |
---------------+-------------------------------------+-----
Shields        | 4 5 6 8 9 11 | 11.9
Axes           | 3 4 5 6 7 9 11 13 14 15 | 15.7
Armour         | 4 5 6 7 9 10 11 | 11.2
Fighting       | 4 5 7 8 9 10 | 10.8
Dodging        | 1 2 3 |  3.2
Stealth        | 1 |  1.9
Evocations     | 1 |  1.1

Action                   |  1- 3 |  4- 6 |  7- 9 | 10-12 || total
-------------------------+-------+-------+-------+-------++-------
Melee: War axe           |    89 |   121 |   351 |  1005 ||  1566
       Headbutt          |     8 |    26 |    67 |   213 ||   314
Evoke: Wand              |       |       |     6 |     8 ||    14
  Use: Potion            |       |     2 |     3 |     7 ||    12
       Scroll            |       |       |    10 |     5 ||    15
 Stab: Confused          |       |       |       |     3 ||     3
  Eat: Chunk             |       |     6 |     7 |    27 ||    40
       Bread ration      |       |       |     1 |       ||     1
       Royal jelly       |       |       |     1 |     2 ||     3
       Fruit             |       |       |       |     3 ||     3
Armor: Scale mail        |    53 |    51 |     2 |       ||   106
       Plate armour      |       |       |   154 |   595 ||   749
Dodge: Dodged            |    23 |    27 |    73 |   220 ||   343
Block: Shield            |    43 |    59 |   158 |   646 ||   906
